 Dungeon Crawl Stone Soup version 0.20.1-1-g8b1a95d (webtiles) character file.

164 Rankstrail the Shield-Bearer (level 5, -4/42 HPs)
             Began as a Formicid Fighter on Oct 24, 2017.
             Slain by Prince Ribbit (11 damage)
             ... on level 5 of the Dungeon.
             The game lasted 00:08:54 (2505 turns).

Rankstrail the Shield-Bearer (Formicid Fighter)     Turns: 2505, Time: 00:08:55

Health: -4/42      AC: 13    Str: 22    XL:     5   Next: 73%
Magic:  5/5        EV:  3    Int:  7    God:
Gold:   204        SH: 15    Dex: 14    Spells: 4/4 levels left

rFire    . . .     SeeInvis +   a - +0 long sword
rCold    . . .     Gourm    .   j - +0 large shield
rNeg     . . .     Faith    .   B - +0 plate armour
rPois    .         Spirit   .   (helmet unavailable)
rElec    .         Reflect  .   s - +0 cloak
rCorr    .         Harm     .   (no gloves)
MR       .....                  (no boots)
Stlth    ..........             (no amulet)
Regen    0.2/turn               e - +4 ring of dexterity
MPRegen  0.1/turn               (no ring)

@: flying
A: permanent stasis, dig shafts and tunnels, four strong arms, antennae 3
a: Dig, Shaft Self


You were on level 5 of the Dungeon.
You were very hungry.

You visited 1 branch of the dungeon, and saw 5 of its levels.

You collected 204 gold pieces.

Inventory:

Hand Weapons
 a - a +0 long sword (weapon)
 n - a +1 dagger of freezing
 r - a +3 quarterstaff of chaos
 u - a +2 vampiric dagger
Armour
 b - a +0 scale mail
 c - a +0 shield
 j - a +0 large shield (worn)
 s - a +0 cloak (worn)
 B - a +0 plate armour (worn)
Magical Staves
 p - a cursed staff of earth
Jewellery
 e - a +4 ring of dexterity (left hand)
 E - an uncursed ring of poison resistance {unknown}
Wands
 G - a wand of acid (11/15)
Scrolls
 g - 2 scrolls of identify
 k - 3 scrolls of magic mapping {unknown}
 l - 2 scrolls of enchant armour {unknown}
 m - 3 scrolls of blinking {unknown}
 q - a scroll of remove curse {unknown}
 t - a scroll of recharging {unknown}
 v - a scroll of fog {unknown}
 y - a scroll of fear {unknown}
 A - a scroll of teleportation
Potions
 d - a potion of might
 i - a potion of cancellation
 o - a potion of haste
 z - a potion of agility {unknown}
 D - a potion of curing {unknown}
 F - a potion of mutation {unknown}
Books
 x - a book of Minor Magic

   Spells                             Type                      Level
   a - Magic Dart                     Conjuration                  1
   b - Blink                          Translocation                2
   c - Call Imp                       Summoning                    2
   d - Slow                           Hexes                        2
   e - Conjure Flame                  Conjuration/Fire             3
   f - Mephitic Cloud                 Conjuration/Poison/Air       3
Comestibles
 f - a bread ration
 w - 2 fruits


   Skills:
 + Level 4.1 Fighting
 + Level 3.4 Long Blades
 + Level 4.2 Armour
 + Level 0.8 Dodging
 + Level 0.3 Stealth
 + Level 4.4 Shields


You had 4 spell levels left.
You didn't know any spells.

Dungeon Overview and Level Annotations

Branches:
Dungeon (4/15)
 Temple: D:4-7

Altars:

Annotations:
D:5 Prince Ribbit


Innate Abilities, Weirdness & Mutations

You cannot be hasted, slowed, berserked, paralysed or teleported.
You can dig through walls and to a lower floor.
Your four strong arms can wield two-handed weapons with a shield.
You have a pair of large antennae on your head. (SInv)


Message History

Prince Ribbit hits you! You block Prince Ribbit's attack.
It was a potion of cancellation.
You feel magically purged.
Prince Ribbit blinks!
It was a potion of haste.
Your stasis prevents you from being hasted.
It was a potion of berserk rage.
Your stasis prevents you from going berserk.
You block Prince Ribbit's attack.
You are too injured to fight recklessly!
Prince Ribbit blinks!
You are too injured to fight recklessly!
It was a potion of flight.
You feel very buoyant.
You fly up into the air.
Prince Ribbit blinks!
You block Prince Ribbit's attack. Prince Ribbit hits you!
* * * LOW HITPOINT WARNING * * *
Prince Ribbit hits you!
You die...

.... #...#..# ...
....# #......# ...
....####......# ....
#....#.......# .....
#...........##
.....# #...........#
#...####.....##....#
#........####...##
##...@F.## ##..#
##.....# #..#
##....# #..#
#......# #..#
.........# #..#
...######## #..# .#
#..# ##..# ###...#


You could see Prince Ribbit.

Vanquished Creatures
  Crazy Yiuf (D:2)
  A worker ant (D:4)
  3 adders
  2 oozes
  An adder skeleton (D:4)
  2 worms (D:2)
  2 dart slugs
  A leopard gecko (D:4)
  5 bats
  2 giant cockroaches
  12 goblins
  6 hobgoblins
  5 jackals
  2 quokkas
  A ball python (D:3)
  4 frilled lizards
  7 kobolds
  6 rats
63 creatures vanquished.

Vanquished Creatures (others)
  5 toadstools (D:1)
5 creatures vanquished.

Grand Total: 68 creatures vanquished

Notes
Turn   | Place    | Note
-------+----------+-------------------------------------------
     0 | D:1      | Rankstrail the Formicid Fighter began the quest for the Orb.
     0 | D:1      | Reached XP level 1. HP: 18/18 MP: 1/1
   123 | D:1      | Reached XP level 2. HP: 24/24 MP: 2/2
   400 | D:1      | Reached XP level 3. HP: 23/30 MP: 3/3
   955 | D:2      | Reached XP level 4. HP: 37/37 MP: 4/4
  1492 | D:2      | Found a runed door.
  1572 | D:2      | Noticed Crazy Yiuf
  1582 | D:2      | Killed Crazy Yiuf
  1671 | D:3      | Reached XP level 5. HP: 35/42 MP: 5/5
  2447 | D:4      | You fall through a shaft!
  2447 | D:5      | Entered Level 5 of the Dungeon
  2482 | D:5      | Noticed Prince Ribbit
  2505 | D:5      | Slain by Prince Ribbit

Skill      XL: |  1  2  3  4  5 |
---------------+----------------+-----
Shields        | 4 |  4.4
Fighting       | 4 |  4.1
Long Blades    | 3 |  3.4
Armour         | 4 |  4.2
Dodging        | |  0.8
Stealth        | |  0.3

Action                   |  1- 3 |  4- 6 || total
-------------------------+-------+-------++-------
Melee: Long sword        |    84 |   133 ||   217
  Use: Scroll            |       |     3 ||     3
       Potion            |       |     4 ||     4
  Eat: Bread ration      |       |     1 ||     1
Armor: Scale mail        |    25 |    21 ||    46
       Plate armour      |       |     7 ||     7
Dodge: Dodged            |    17 |    25 ||    42
Block: Shield            |     5 |       ||     5
       Large shield      |    52 |   100 ||   152
       Rpst.: Long sword |     3 |    10 ||    13
